 Dungeon Crawl Stone Soup version 0.29.1-12-g30fa7ad0bf (webtiles) character file.

Game seed: 15279181447628272482

1173 fishmans the Basher (level 8, -8/46 HPs)
             Began as a Gargoyle Fighter on Jan 4, 2023.
             Was a Follower of Fedhas.
             Mangled by an orc warrior
             ... wielding a +0 battleaxe
              (12 damage)
             ... on level 5 of the Dungeon.
             The game lasted 00:23:35 (6299 turns).

fishmans the Basher (Gargoyle Fighter)              Turns: 6299, Time: 00:23:35

Health: -8/46      AC: 18    Str: 23    XL:     8   Next: 41%
Magic:  8/8        EV:  7    Int:  8    God:    Fedhas [*.....]
Gold:   198        SH:  4    Dex:  9    Spells: 7/7 levels left

rFire   + . .      SeeInvis .   a - +0 flail
rCold   x . .      Faith    .   c - +0 buckler
rNeg    + . .      Spirit   .   u - +0 chain mail
rPois   ∞          Reflect  .   (no helmet)
rElec   +          Harm     .   (no cloak)
rCorr   .          Rampage  .   r - +0 pair of gloves
Will    .....                   e - +1 pair of boots
Stlth   ..........              k - amulet of the acrobat
HPRegen 0.15/turn               h - ring of fire
MPRegen 0.11/turn               (no ring)

@: no status effects
A: sickness immunity, AC +5, negative energy resistance 1, electricity
resistance, torment resistance 1, petrification resistance
a: Renounce Religion


You were on level 5 of the Dungeon.
You worshipped Fedhas.
Fedhas was aware of your devotion.
You visited 2 branches of the dungeon, and saw 6 of its levels.

You collected 263 gold pieces.
You spent 65 gold pieces at shops.

Inventory:

Hand Weapons
 a - a +0 flail (weapon)
Missiles
 i - 17 poisoned darts (quivered)
 m - 3 curare-tipped darts
Armour
 c - a +0 buckler (worn)
 e - a +1 pair of boots (worn)
 r - a +0 pair of gloves (worn)
 u - a +0 chain mail (worn)
Jewellery
 h - a ring of fire (left hand)
 k - an amulet of the acrobat (around neck)
 p - an amulet of regeneration
Wands
 o - a wand of polymorph (5)
Scrolls
 b - a scroll of fear {unknown}
 d - 2 scrolls of magic mapping {unknown}
 j - a scroll of blinking
 n - 5 scrolls of noise {unknown}
 q - 2 scrolls of fog {unknown}
 s - a scroll of teleportation
 w - 3 scrolls of identify
Potions
 f - a potion of flight
 g - 3 potions of brilliance
 l - a potion of degeneration
 t - a potion of berserk rage {unknown}
 v - a potion of lignification {unknown}


   Skills:
 - Level 3.2 Fighting
 + Level 10.0 Maces & Flails
 - Level 3.2 Armour
 - Level 3.2 Shields


You had 7 spell levels left.
You didn't know any spells.
Your spell library contained the following spells:

 Spells                   Type           Power      Damage    Failure   Level
 Slow                     Hex            0%         N/A       99%         1
 Summon Small Mammal      Summ           0%         N/A       99%         1
 Call Canine Familiar     Summ           0%         N/A       100%        3
 Confusing Touch          Hex            0%         N/A       100%        3
 Summon Guardian Golem    Hex/Summ       0%         N/A       100%        3
 Vampiric Draining        Necr           0%         2d6       100%        3
 Fulminant Prism          Conj/Hex       0%         3d6       100%        4
 Iskenderun's Mystic Bla  Conj/Tloc      0%         2d3       100%        4
 Petrify                  Tmut/Erth      0%         N/A       100%        4
 Lee's Rapid Deconstruct  Erth           0%         3d5*      100%        5
 Metabolic Englaciation   Hex/Ice        0%         N/A       100%        5
 Statue Form              Tmut/Erth      Unusable   N/A       N/A         6

Dungeon Overview and Level Annotations

Branches:
Dungeon (5/15)             Temple (1/1) D:4

Altars:
Ashenzari
Cheibriados
Dithmenos
Elyvilon
Fedhas
Gozag
Hepliaklqana
Kikubaaqudgha
Makhleb
Nemelex Xobeh
Ru
Sif Muna
Trog
Uskayaw
Vehumet
Zin

Shops:
D:1 ?


Innate Abilities, Weirdness & Mutations

You are immune to sickness and miasma.
Your stone body is resilient. (AC +5)
You are immune to poison.
You resist negative energy. (rN+)
You are resistant to electric shocks. (rElec)
You are resistant to unholy torment.
You are immune to petrification.


Message History

The orc warrior hits you with a +0 battleaxe.
You barely miss the orc warrior.
The orc warrior is moderately wounded.
The orc warrior hits you but does no damage.
You barely miss the orc warrior.
The orc warrior is moderately wounded.
The orc warrior hits you but does no damage.
You hit the orc warrior but do no damage.
The orc warrior is moderately wounded.
The orc warrior hits you with a +0 battleaxe.
You hit the orc warrior but do no damage.
The orc warrior is moderately wounded.
The orc warrior hits you with a +0 battleaxe!
You barely miss the orc warrior.
The orc warrior is moderately wounded.
The orc warrior hits you with a +0 battleaxe.
You sock the orc warrior!
The orc warrior is heavily wounded.
The orc warrior hits you but does no damage.
You hit the orc warrior.
The orc warrior is severely wounded.
You block the orc warrior's attack.
You barely miss the orc warrior.
The orc warrior is severely wounded.
The orc warrior closely misses you.
You hit the orc warrior but do no damage.
The orc warrior is severely wounded.
You block the orc warrior's attack.
You hit the orc warrior.
The orc warrior is almost dead.
The orc warrior hits you with a +0 battleaxe!
* * * LOW HITPOINT WARNING * * *
You barely miss the orc warrior.
The orc warrior is almost dead.
The orc warrior hits you but does no damage.
You hit the orc warrior but do no damage.
The orc warrior is almost dead.
The orc warrior hits you with a +0 battleaxe!
You die...
Fedhas appreciates your contribution to the ecosystem.

.# #.....# #####.#..............
.# #.....###.....#.#..[.........
.# #.....##...##......#.#####.##
.########.#.....###.###..........
....# #.#.....# #.# #.####.....
.##.#####.#.....# #.# #.#..##...#
.##.##.##.##...## #.# #.#...##.##
......#......#.####.# #.##...#.#
###.##..........@o((###..##.'#.#'
###.##÷#...#.#.####...#...###...#
....##.##...<..##......(......8..
######....##.#............###...#
#.#####.#..#.##..#..## '#.#'
#....V..#..#.##..#.## .#.#.
#########..#..#..#.# .##.##
#..##.#..#.# ##...#
#..##.#..#.####.....


You could see an orc warrior.

Vanquished Creatures
  Eustachio (D:5)
  Duvessa (D:5)
  A black bear (D:5)
  A phantom (D:4)
  A bullfrog (D:4)
  3 scorpions (D:5)
  Dowan (D:5)
  A howler monkey (D:5)
  2 jellies
  An orc priest (D:3)
  2 hounds
  3 iguanas
  Terence (D:2)
  12 adders
  An ufetubus (D:5)
  A worm (D:5)
  A dart slug (D:1)
  14 orcs
  7 ball pythons
  5 bats
  5 endoplasms
  2 giant cockroaches (D:2)
  5 goblins
  7 hobgoblins
  6 jackals
  3 quokkas
  6 frilled lizards
  7 kobolds
  6 rats
107 creatures vanquished.

Notes
Turn   | Place    | Note
-------+----------+-------------------------------------------
     0 | D:1      | fishmans the Gargoyle Fighter began the quest for the Orb.
     0 | D:1      | Reached XP level 1. HP: 14/14 MP: 1/1
   104 | D:1      | Reached XP level 2. HP: 19/19 MP: 2/2
   335 | D:1      | Found a faded altar of an unknown god.
   340 | D:1      | Found Xaiklofu's Magic Scroll Shop.
   346 | D:1      | Reached skill level 3 in Maces & Flails
   627 | D:1      | Reached XP level 3. HP: 22/23 MP: 3/3
  1392 | D:2      | Reached skill level 4 in Maces & Flails
  1633 | D:2      | Noticed Terence
  1638 | D:2      | Reached XP level 4. HP: 28/28 MP: 4/4
  1741 | D:2      | Killed Terence
  1966 | D:1      | Bought a scroll of identify for 26 gold pieces
  1966 | D:1      | Bought a scroll of teleportation for 39 gold pieces
  2575 | D:3      | Reached skill level 5 in Maces & Flails
  2643 | D:3      | Reached XP level 5. HP: 32/32 MP: 5/5
  2724 | D:3      | HP: 1/32 [orc priest/divine providence (14)]
  3294 | D:4      | Reached skill level 6 in Maces & Flails
  3312 | D:4      | Found a staircase to the Ecumenical Temple.
  3318 | Temple   | Entered the Ecumenical Temple
  3566 | Temple   | Became a worshipper of Fedhas Madash
  3599 | D:4      | Noticed a phantom
  3622 | D:4      | Killed a phantom
  3623 | D:4      | Reached XP level 6. HP: 37/37 MP: 6/6
  3804 | D:4      | You fall into a shaft and drop 1 floor!
  3804 | D:5      | Entered Level 5 of the Dungeon
  4019 | D:5      | Noticed Eustachio
  4033 | D:5      | Killed Eustachio
  4034 | D:5      | Reached skill level 7 in Maces & Flails
  4034 | D:5      | Reached XP level 7. HP: 24/41 MP: 7/7
  4113 | D:5      | Noticed Duvessa
  4136 | D:5      | Noticed Dowan
  4145 | D:5      | Killed Dowan
  4151 | D:5      | Killed Duvessa
  4152 | D:5      | Reached skill level 8 in Maces & Flails
  4446 | D:5      | Noticed a vampire
  5217 | D:5      | HP: 1/41 [vampire (6)]
  5570 | D:5      | Reached skill level 9 in Maces & Flails
  5570 | D:5      | Reached XP level 8. HP: 45/46 MP: 8/8
  5875 | D:5      | Reached * piety under Fedhas
  6140 | D:4      | Reached skill level 10 in Maces & Flails
  6299 | D:5      | Mangled by an orc warrior

Illustrated notes

Levels and vault maps discovered:
D:1:      psy_arrival_fountain, layout_loops_cross, serial_shops,
          nicolae_diamond_shop, hellmonk_ecumenical_altar_lost_god,
          wad_floor_pattern_untrapped
D:2:      layout_rooms, uniq_terence
D:3:      layout_loops_corners
D:4:      layout_basic, minmay_temple_entry_hall, nicolae_elevator_lobby_plus
D:5:      cheibrodos_barr_body, layout_loops_cross, uniq_eustachio, uniq_duvessa
Temple:   eino_temple_rhombus

Skill      XL: |  1  2  3  4  5  6  7  8 |
---------------+-------------------------+-----
Maces & Flails | 3 4 5 6 7 9 10 | 10.0
Fighting       | |  3.2
Armour         | |  3.2
Shields        | |  3.2

Action                   |  1- 3 |  4- 6 |  7- 9 || total
-------------------------+-------+-------+-------++-------
Melee: Flail             |   118 |   150 |   164 ||   432
Throw: Dart              |       |     7 |     3 ||    10
  Use: Scroll            |     1 |     5 |     3 ||     9
       Potion            |       |     1 |     2 ||     3
Armor: Scale mail        |    55 |    55 |       ||   110
       Chain mail        |       |    35 |    84 ||   119
Dodge: Dodged            |    48 |    65 |    66 ||   179
Block: Buckler           |    21 |    32 |    36 ||    89
